 Dungeon Crawl Stone Soup version 0.22-a0-618-gd6a3efe (webtiles) character file.

801 Gildeon the Scholar of Death (level 7, -1/48 HPs)
             Began as a Mummy Necromancer on July 13, 2018.
             Was a Follower of Kikubaaqudgha.
             Slain by a centaur skeleton (3 damage)
             ... on level 6 of the Dungeon.
             The game lasted 00:45:55 (4979 turns).

Gildeon the Scholar of Death (Mummy Necromancer)    Turns: 4979, Time: 00:45:56

Health: -1/48      AC:  5    Str: 14    XL:     7   Next: 59%
Magic:  14/14      EV: 12    Int: 16    God:    Kikubaaqudgha [*.....]
Gold:   182        SH:  0    Dex: 13    Spells: 4/16 levels left

rFire    x . .     SeeInvis .   q - +1 short sword (speed)
rCold    + . .     Gourm    .   (no shield)
rNeg     + + +     Faith    .   e - +1 robe
rPois    ∞         Spirit   .   (no helmet)
rElec    .         Reflect  .   (no cloak)
rCorr    +         Harm     .   p - +0 pair of gloves
MR       .....                  f - +0 pair of boots
Stlth    +++.......             d - amulet of magic regeneration
HPRegen  0.16/turn              c - ring of resist corrosion
MPRegen  0.39/turn              s - +3 ring of strength

@: no status effects
A: no food or potions, fire vulnerability, cold resistance 1, negative energy
resistance 3, torment resistance, unbreathing
a: Receive Corpses, Renounce Religion


You were on level 6 of the Dungeon.
You worshipped Kikubaaqudgha.
Kikubaaqudgha was aware of your devotion.
You were not hungry.

You visited 2 branches of the dungeon, and saw 7 of its levels.

You collected 182 gold pieces.

Inventory:

Hand Weapons
 a - a +0 dagger
 b - a +0 hunting sling
 q - a +1 short sword of speed (weapon)
Missiles
 g - 122 stones (quivered)
 h - 26 sling bullets
Armour
 e - a +1 robe (worn)
 f - a +0 pair of boots (worn)
 p - a +0 pair of gloves (worn)
Jewellery
 c - a ring of resist corrosion (left hand)
 d - an amulet of magic regeneration (around neck)
 k - an uncursed amulet of guardian spirit {unknown}
 o - an uncursed amulet of faith {unknown}
 s - a +3 ring of strength (right hand)
Wands
 n - a wand of polymorph (5)
Scrolls
 i - 2 scrolls of amnesia
 j - 2 scrolls of enchant weapon
 l - 2 scrolls of remove curse


   Skills:
 - Level 1.0 Fighting
 - Level 1.3 Short Blades
 - Level 1.0 Slings
 - Level 1.5 Dodging
 + Level 4.7 Stealth
 - Level 5.0 Spellcasting
 + Level 5.8 Necromancy
 + Level 2.0 Translocations


You had 4 spell levels left.
You knew the following spells:

 Your Spells              Type           Power        Failure   Level  Hunger
a - Pain                  Necr           ###.         1%          1    N/A
b - Vampiric Draining     Necr           ###.......   4%          3    N/A
c - Animate Skeleton      Necr           N/A          1%          1    N/A
d - Animate Dead          Necr           N/A          14%         4    N/A
e - Apportation           Tloc           ##....       6%          1    N/A
f - Corpse Rot            Necr           N/A          1%          2    N/A

Your spell library contained the following spells:

 Spells                   Type           Power        Failure   Level  Hunger
 Summon Small Mammal      Summ           #...         16%         1    N/A
 Regeneration             Chrm/Necr      ##........   14%         3    N/A
 Confusing Touch          Hex            #.....       16%         1    N/A

Dungeon Overview and Level Annotations

Branches:
Dungeon (6/15)             Temple (1/1) D:4

Altars:
Ashenzari
Cheibriados
Dithmenos
Elyvilon
Fedhas
Gozag
Hepliaklqana
Kikubaaqudgha
Makhleb
Nemelex Xobeh
Qazlal
Ru
Sif Muna
Uskayaw
Vehumet
Yredelemnul
Zin
The Shining One

Shops:
D:5 =

Annotations:
D:1 exclusion: downstairs
D:2 Sigmund
D:3 3 runed doors, Purgy; sking99's ghost, amateur DrTm
D:5 2 runed doors, Meatbag's ghost, novice GnFi


Innate Abilities, Weirdness & Mutations

You do not eat or drink.
Your flesh is vulnerable to fire.
You are immune to poison.
Your flesh is cold resistant. (rC+)
You are immune to negative energy. (rN+++)
You are immune to unholy pain and torment.
You can survive without breathing.


Message History

The centaur skeleton is lightly damaged.
Really attack while wielding your +0 hunting sling?
Okay, then.
The crimson imp blinks!
The centaur skeleton barely misses you.
Found 2 grey potions.
The centaur skeleton hits you.
* * * LOW HITPOINT WARNING * * *
Wield which item (- for none, * to show all)? (? for menu, Esc to quit)
Your hands tingle!
q - a +1 short sword of speed (weapon)
The centaur skeleton hits you but does no damage.
You hit the centaur skeleton but do no damage.
The centaur skeleton is lightly damaged.
The centaur skeleton barely misses you.
You hit the centaur skeleton.
The centaur skeleton is lightly damaged.
The centaur skeleton hits you.
You die...
Kikubaaqudgha rasps: "You have failed me!
Welcome... oblivion!"

.!....................
...$..................
.....$................
..............########
.......$.....##
........5..###
.........###
#######..#####
#.5Z@..# ########


You could see a crimson imp and a centaur skeleton.

Vanquished Creatures
  A phantom (D:4)
  2 big kobolds
  A water moccasin zombie (D:5)
  A howler monkey (D:5)
  2 crimson imps (D:5)
  A hound (D:6)
  A jelly (D:5)
  2 orc priests
  2 orc wizards (D:3)
  An iguana (D:4)
  2 worker ants
  A hound skeleton (D:4)
  6 adders
  3 oozes (D:5)
  An adder zombie (D:5)
  An adder skeleton (D:5)
  3 worms
  2 dart slugs (D:1)
  5 leopard geckos
  14 orcs
  7 bats
  A giant cockroach (D:3)
  5 goblins
  7 hobgoblins
  A quokka (D:6)
  6 frilled lizards
  A jackal skeleton (D:6)
  10 kobolds
  3 rats
93 creatures vanquished.

Vanquished Creatures (collateral kills)
  An adder (D:3)
  4 orcs
  2 goblins
  A kobold (D:5)
  A rat (D:1)
9 creatures vanquished.

Vanquished Creatures (others)
  A ball python (D:6)
  9 fungi (D:5)
  4 toadstools (D:5)
14 creatures vanquished.

Grand Total: 116 creatures vanquished

Notes
Turn   | Place    | Note
-------+----------+-------------------------------------------
     0 | D:1      | Gildeon the Mummy Necromancer began the quest for the Orb.
     0 | D:1      | Reached XP level 1. HP: 13/13 MP: 4/4
     2 | D:1      | Learned a level 1 spell: Animate Skeleton
   422 | D:1      | Reached XP level 2. HP: 19/19 MP: 4/6
   758 | D:1      | Reached XP level 3. HP: 18/24 MP: 1/7
   763 | D:1      | Learned a level 3 spell: Vampiric Draining
  1473 | D:2      | Noticed Sigmund
  1616 | D:3      | Reached skill level 1 in Fighting
  1621 | D:3      | Reached XP level 4. HP: 32/32 MP: 5/9
  1629 | D:3      | Learned a level 4 spell: Animate Dead
  1904 | D:3      | Reached XP level 5. HP: 27/37 MP: 7/11
  1914 | D:3      | Reached skill level 5 in Necromancy
  2047 | D:3      | Found a runed gate.
  2047 | D:3      | Found a runed gate.
  2049 | D:3      | Found a runed gate.
  2072 | D:3      | Noticed sking99's ghost (amateur DrTm)
  2420 | D:3      | Noticed Purgy
  2660 | D:5      | Entered Level 5 of the Dungeon
  2677 | D:5      | Reached skill level 1 in Slings
  2677 | D:5      | Reached XP level 6. HP: 27/43 MP: 6/13
  2768 | D:4      | Found a staircase to the Ecumenical Temple.
  2802 | Temple   | Entered the Ecumenical Temple
  2812 | Temple   | Became a worshipper of Kikubaaqudgha
  3106 | D:4      | Reached skill level 5 in Spellcasting
  3232 | D:4      | Learned a level 1 spell: Apportation
  3485 | D:4      | Found a sacrificial altar of Ru.
  3678 | D:5      | Reached skill level 1 in Short Blades
  3990 | D:5      | Found a white marble altar of Elyvilon.
  4011 | D:5      | Found Verchoadu's Jewellery Shoppe.
  4089 | D:5      | Found an opulent altar of Gozag.
  4191 | D:5      | Reached XP level 7. HP: 47/48 MP: 14/14
  4199 | D:5      | Found a stormy altar of Qazlal.
  4243 | D:5      | Found a large runed door.
  4243 | D:5      | Found a large runed door.
  4251 | D:5      | Noticed Meatbag's ghost (novice GnFi)
  4435 | D:5      | Reached skill level 1 in Translocations
  4477 | D:5      | Reached * piety under Kikubaaqudgha
  4477 | D:5      | Identified Kikubaaqudgha's Handbook of Dark Rituals (Kikubaaqudgha gifted it to you on level 5 of the Dungeon)
  4477 | D:5      | Received a gift from Kikubaaqudgha
  4506 | D:5      | Learned a level 2 spell: Corpse Rot
  4579 | D:5      | Noticed a slime creature
  4584 | D:5      | Noticed a slime creature
  4974 | D:6      | HP: 2/48 [centaur skeleton (6)]
  4979 | D:6      | Slain by a centaur skeleton

Vault maps used:
D:1:      shiori_arrival_maze
D:2:      first_ration, uniq_sigmund, uniq_terence, uniq_robin
D:3:      ebering_ghost_rock_garden, minmay_liquid_box, uniq_purgy
D:4:      minmay_temple_entry_glass, nicolae_ru_the_path_less_chosen
D:5:      cheibrodos_fertilizer, marbit_many_paths, kennysheep_mini_moat,
          ebering_ghost_disaster_area, serial_shops, nicolae_shop_trees,
          grunt_gozag_breadcrumbs
D:6:      xom_confusion_cloud, old_standard_altar, serial_shops,
          nicolae_shop_temple_entry_statues_fountains,
          minmay_unpleasant_kobolds, uniq_crazy_yiuf_cottage, uniq_edmund
Temple:   nicolae_temple_no_exploring_needed

Skill      XL: |  1  2  3  4  5  6  7 |
---------------+----------------------+-----
Spellcasting   | 3 4 5 |  5.0
Stealth        | 2 3 4 |  4.7
Fighting       | 1 |  1.0
Necromancy     | 5 |  5.8
Slings         | 1 |  1.0
Short Blades   | 1 |  1.3
Translocations | 2 |  2.0
Dodging        | |  1.5

Action                   |  1- 3 |  4- 6 |  7- 9 || total
-------------------------+-------+-------+-------++-------
Melee: Unarmed           |     1 |       |       ||     1
       Dagger            |    21 |    60 |     4 ||    85
       Short sword       |       |    38 |    27 ||    65
 Fire: Hunting sling     |     4 |   166 |    10 ||   180
Throw: Stone             |       |       |     2 ||     2
 Cast: Pain              |    68 |    82 |    62 ||   212
       Animate Skeleton  |     9 |    13 |     9 ||    31
       Vampiric Draining |       |       |     4 ||     4
Evoke: Wand              |       |     3 |       ||     3
  Use: Scroll            |     5 |     4 |     2 ||    11
 Stab: Sleeping          |     2 |     4 |       ||     6
Armor: Robe              |    15 |    55 |    19 ||    89
Dodge: Dodged            |    35 |    94 |    49 ||   178

Table legend:
 A = Spawn XP
 B = Non-spawn XP
 C = Spawn XP percentage of total XP
 D = Spawn monster count
 E = Non-spawn monster count
 F = Spawn count percentage of total count
 G = Total turns spent on level
                    A         B        C        D         E        F      G
               +---------+---------+-------+---------+---------+-------+---------
         Total |       0 |    1145 |   0.0 |       0 |     102 |   0.0 |  4979
               +---------+---------+-------+---------+---------+-------+---------
           D:1 |       0 |      43 |   0.0 |       0 |      21 |   0.0 |  1151
           D:2 |       0 |      48 |   0.0 |       0 |      11 |   0.0 |   451
           D:3 |       0 |     195 |   0.0 |       0 |      29 |   0.0 |   882
           D:4 |       0 |     211 |   0.0 |       0 |       7 |   0.0 |  1043
           D:5 |       0 |     502 |   0.0 |       0 |      29 |   0.0 |  1351
           D:6 |       0 |     146 |   0.0 |       0 |       5 |   0.0 |    83
               +---------+---------+-------+---------+---------+-------+---------
